 Dungeon Crawl Stone Soup version 0.26-a0-466-g989023bd0d (webtiles) character file.

Game seed: 5870779501923039523

136658 Apogee the Warrior (level 16, -4/148 HPs)
             Began as a Minotaur Gladiator on Aug 5, 2020.
             Was the Champion of Makhleb.
             Slain by a ten-headed hydra (10 damage)
             ... on level 4 of the Swamp on Aug 6, 2020.
             The game lasted 00:46:29 (27490 turns).

Apogee the Warrior (Minotaur Gladiator)            Turns: 27490, Time: 00:46:29

Health: -4/148     AC: 27    Str: 25    XL:     16   Next: 67%
Magic:  0/21       EV:  9    Int: 14    God:    Makhleb [******]
Gold:   1533       SH:  7    Dex: 13    Spells: 15/15 levels left

rFire    + + +     SeeInvis +   b - +0 war axe (freeze)
rCold    + . .     Faith    .   J - +2 buckler {rC+}
rNeg     . . .     Spirit   +   d - +2 plate armour {rPois}
rPois    +         Reflect  .   u - +0 hat
rElec    +         Harm     .   O - scarf {rC+ rF+}
rCorr    .                      M - +3 pair of gauntlets of War {Slay+5}
MR       +....                  y - +1 pair of boots {run}
Stlth    ..........             G - amulet "Yngach" {Spirit rF+ Int+3 Slay+3}
HPRegen  0.34/turn              p - ring of fire
MPRegen  0.17/turn              I - ring "Debukh" {rElec Int+6 SInv}

@: lethally poisoned (-4 -> -5), quick
A: retaliatory headbutt, horns 2, deterioration 1, frail 1, low mp 1
a: Minor Destruction, Lesser Servant of Makhleb, Major Destruction, Greater
Servant of Makhleb, Renounce Religion


You were on level 4 of the Swamp.
You worshipped Makhleb.
Makhleb was exalted by your worship.
You visited 4 branches of the dungeon, and saw 26 of its levels.
You also visited: Bailey, Ice Cave and Volcano.

You collected 2261 gold pieces.
You spent 728 gold pieces at shops.

Inventory:

Hand Weapons
 a - a +0 war axe of electrocution
   (You found it on level 6 of the Lair of Beasts)
 b - a +0 war axe of freezing (weapon)
   (You took it off a skeletal warrior on level 14 of the Dungeon)
Missiles
 e - 6 throwing nets (quivered) {!f}
Armour
 d - a +2 plate armour of poison resistance (worn)
   (You found it on level 2 of the Lair of Beasts)
 u - a +0 hat (worn)
 y - a +1 pair of boots of running (worn)
   (You found it on level 3 of the Dungeon)
 J - a +2 buckler of cold resistance (worn)
   (You found it in an ice cave)
 M - the +3 pair of gauntlets of War (worn) {Slay+5}
   (You found it in a bailey)

   It affects your accuracy and damage with ranged weapons and melee attacks
   (+5).
 N - the +0 ice dragon scales "Igroff" {rF- rC++ Int+2}
   (You found it in a bailey)

   It affects your intelligence (+2).
   It makes you vulnerable to fire.
   It greatly protects you from cold.
 O - a scarf of resistance (worn)
   (You bought it in a shop on level 14 of the Dungeon)
 V - a scarf of repulsion
   (You found it on level 1 of the Lair of Beasts)
Jewellery
 g - a +4 ring of evasion
   (You took it off a yaktaur on level 14 of the Dungeon)
 l - an uncursed ring of positive energy
   (You found it on level 1 of the Dungeon)
 p - a ring of fire (left hand)
   (You found it on level 14 of the Dungeon)
 G - the amulet "Yngach" (around neck) {Spirit rF+ Int+3 Slay+3}
   (You found it on level 1 of the Swamp)

   [amulet of guardian spirit]

   It causes incoming damage to be split between your health and magic.
   It affects your intelligence (+3).
   It affects your accuracy and damage with ranged weapons and melee attacks
   (+3).
   It protects you from fire.
 I - the ring "Debukh" (right hand) {rElec Int+6 SInv}
   (You found it on level 1 of the Swamp)

   [ring of see invisible]

   It affects your intelligence (+6).
   It insulates you from electricity.
   It lets you see invisible.
Wands
 c - a wand of disintegration (12)
   (You found it on level 1 of the Swamp)
 v - a wand of digging (8)
   (You took it off Ijyb on level 3 of the Dungeon)
 x - a wand of acid (2)
   (You took it off a necromancer in an ice cave)
 F - a wand of clouds (12)
   (You found it on level 2 of the Swamp)
Scrolls
 f - a scroll of torment {unknown}
 j - 5 scrolls of random uselessness {unknown}
 n - 10 scrolls of teleportation {@r4}
 q - 4 scrolls of enchant weapon {unknown}
 r - 5 scrolls of magic mapping
 w - 3 scrolls of fear {unknown}
 z - 8 scrolls of remove curse {@r2}
 A - 6 scrolls of noise {unknown}
 B - 3 scrolls of blinking {unknown}
 C - 2 scrolls of amnesia {unknown}
 K - 2 scrolls of enchant armour {unknown}
 P - 2 scrolls of holy word {unknown}
 S - 3 scrolls of immolation {unknown}
 U - 5 scrolls of fog {unknown}
 X - 3 scrolls of summoning {unknown}
Potions
 h - a potion of invisibility {unknown}
 i - 8 potions of stabbing
 k - 3 potions of cancellation
 m - 7 potions of haste {@q3}
 o - a potion of resistance {unknown}
 s - 19 potions of curing {@q1}
 t - a potion of degeneration {unknown}
 D - 3 potions of flight
 E - 5 potions of heal wounds {@q2}
 H - 3 potions of might
 L - a potion of experience {unknown}
 R - 6 potions of mutation {!q}
 T - 6 potions of lignification {!q}
 W - 5 potions of berserk rage


   Skills:
 + Level 20.6 Fighting
 - Level 16.0 Axes
 - Level 2.0 Throwing
 + Level 16.9 Armour
 - Level 3.2 Dodging
 - Level 6.0 Shields
 + Level 12.4 Invocations


You had 15 spell levels left.
You didn't know any spells.
Your spell library contained the following spells:

 Spells                   Type           Power        Failure   Level
 Corona                   Hex            #......      88%         1
 Freeze                   Ice            #...         88%         1
 Shock                    Conj/Air       #...         88%         1
 Corpse Rot               Necr/Air       N/A          95%         2
 Ensorcelled Hibernation  Hex/Ice        #.....       95%         2
 Poisonous Vapours        Pois/Air       #.....       95%         2
 Swiftness                Air            #.......     95%         2
 Confusing Touch          Hex            #.......     99%         3
 Conjure Flame            Conj/Fire      #.......     99%         3
 Dazzling Flash           Conj/Hex       #.....       99%         3
 Frozen Ramparts          Ice            #.....       99%         3
 Mephitic Cloud           Conj/Pois/Air  #.......     99%         3
 Ozocubu's Armour         Ice            #.......     99%         3
 Static Discharge         Conj/Air       #.......     99%         3
 Stone Arrow              Conj/Erth      #.....       99%         3
 Tukima's Dance           Hex            #.......     99%         3
 Airstrike                Air            #.........   100%        4
 Hailstorm                Conj/Ice       #.......     100%        4
 Ice Form                 Ice/Tmut       #.......     100%        4
 Summon Ice Beast         Ice/Summ       #.......     100%        4
 Summon Lightning Spire   Summ/Air       #.......     100%        4
 Lightning Bolt           Conj/Air       #.........   100%        5
 Metabolic Englaciation   Hex/Ice        #.........   100%        5
 Silence                  Hex/Air        #.........   100%        5
 Summon Forest            Summ/Tloc      #.........   100%        5
 Conjure Ball Lightning   Conj/Air       #.........   100%        6
 Eringya's Noxious Bog    Tmut/Pois      #.........   100%        6
 Freezing Cloud           Conj/Ice/Air   #.........   100%        6
 Hydra Form               Tmut           #.........   100%        6
 Ozocubu's Refrigeration  Ice            #.........   100%        6
 Simulacrum               Ice/Necr       #.........   100%        6
 Summon Hydra             Summ           #.........   100%        7
 Tornado                  Air            #.........   100%        9


Dungeon Overview and Level Annotations

Branches:
Dungeon (15/15)            Temple (1/1) D:6            Lair (6/6) D:11
  Swamp (4/4) Lair:3       Spider (0/4) Lair:2        Slime (0/5) Lair:6
    Orc (0/2) D:12         Vaults (0/5) D:14         Depths (0/5) D:15
 Bailey (visited)           IceCv (visited)         Volcano (visited)

Altars:
Ashenzari
Cheibriados
Elyvilon
Fedhas
Gozag
Hepliaklqana
Kikubaaqudgha
Makhleb
Nemelex Xobeh
Qazlal
Ru
Vehumet
Wu Jian
Jiyva

Shops:
D:4 !   D:12 :[   D:14 [

Annotations:
Lair:5 2 transporters, Ezab's ghost, journeyman MiFi


Innate Abilities, Weirdness & Mutations

You reflexively headbutt those who attack you in melee.
You have a pair of horns on your head.
Your body sometimes deteriorates upon taking damage.
You are frail. (-10% HP)
Your magical capacity is low. (-10% MP)


Message History

Okay, then.
You lop one of the 14-headed hydra's heads off!
The 13-headed hydra grows two more!
You hit the 15-headed hydra.
The 15-headed hydra seems to slow down.
You freeze the 15-headed hydra.
You slice one of the five-headed hydra's heads off!
The four-headed hydra grows two more!
You slash the six-headed hydra! You freeze the six-headed hydra.
You feel sick.
The 11-headed hydra is no longer moving slowly.
The ten-headed hydra is no longer moving slowly.
The 15-headed hydra bites you but does no damage. x2
You block the 15-headed hydra's attack.
The 15-headed hydra bites you but does no damage.
The 15-headed hydra bites you!
* * * LOW HITPOINT WARNING * * *
The 15-headed hydra bites you.
* * * LOW HITPOINT WARNING * * *
The 15-headed hydra completely misses you.
The 15-headed hydra bites you but does no damage.
You block the 15-headed hydra's attack. x2
The 15-headed hydra barely misses you. The 15-headed hydra bites you.
* * * LOW HITPOINT WARNING * * *
The 15-headed hydra closely misses you.
The 15-headed hydra bites you but does no damage. x2
Unknown command.
You chop one of the 15-headed hydra's heads off!
The 14-headed hydra grows two more!
You slash the 16-headed hydra!
The 16-headed hydra seems to slow down.
You freeze the 16-headed hydra.
You hack one of the six-headed hydra's heads off!
The five-headed hydra grows two more!
You slash the seven-headed hydra! You freeze the seven-headed hydra.
Unknown command.
Unknown command.
You feel much better.
The seven-headed hydra bites you but does no damage.
You block the seven-headed hydra's attack.
The seven-headed hydra bites you but does no damage.
You block the seven-headed hydra's attack.
The seven-headed hydra barely misses you.
The seven-headed hydra bites you.
* * * LOW HITPOINT WARNING * * *
The seven-headed hydra bites you but does no damage.
The ten-headed hydra bites you but does no damage.
The ten-headed hydra barely misses you. The ten-headed hydra bites you!
* * * LOW HITPOINT WARNING * * *
The ten-headed hydra closely misses you.
The ten-headed hydra bites you.
* * * LOW HITPOINT WARNING * * *
The ten-headed hydra bites you but does no damage.
The ten-headed hydra bites you!
You die...

**** ♣♣♣ **≈,* ♣♣♣♣♣♣ ♣♣♣♣≈♣♣♣♣♣
*,≈,*♣♣....♣♣♣♣♣♣...≈≈.♣♣†
**,,*♣.≈≈≈≈.♣≈..≈..≈≈≈≈..†
****,,,*♣..≈≈≈...≈≈≈.§≈≈≈..≈≈
*,≈,≈***♣≈≈≈.≈≈§≈≈≈§.≈≈≈≈≈≈≈≈
*,<≈** ♣.≈D@≈≈§≈≈≈..≈≈≈≈≈≈≈.
*≈≈*** ♣♣♣.DDD.≈..≈≈..≈≈≈≈≈≈.
***≈*,* ♣§..D.≈≈≈≈≈§....[.≈≈≈.
****,≈≈≈,**♣....≈≈≈≈≈......≈≈≈≈≈≈
*≈≈≈,≈≈,,,*♣♣♣[†≈≈.≈≈.≈≈≈≈...≈≈^≈
,,,,,,,≈≈≈≈**♣♣.≈.≈≈≈≈§≈≈≈≈≈.....
,≈≈≈≈≈≈≈≈,,≈* ♣....≈≈..≈≈≈≈≈≈....
≈≈≈≈≈≈≈≈≈≈,** ♣.≈≈.....≈≈..§≈.≈≈≈
≈≈≈≈≈≈≈≈≈≈** ♣≈≈.≈.≈≈.≈≈.≈≈≈≈≈≈≈


You could see a 16-headed hydra (slow), a 11-headed hydra, a ten-headed hydra, a
seven-headed hydra and a swamp dragon.

Vanquished Creatures
  Jorgrun (D:14)
  A storm dragon (D:14)
  Nessos (D:14)
  A red draconian (Volcano)
  An ettin (D:14)
  A fire dragon (Lair:6)
  Josephine (Lair:6)
  An ogre mage (D:15)
  2 vault guards (D:14)
  Fannar (D:11)
  A ghost crab (Swamp:4)
  19 hydras
  2 shambling mangroves
  6 centaur warriors
  9 alligators
  2 death yaks (Lair:5)
  9 two-headed ogres
  2 tengu warriors
  A hell knight (D:14)
  8 skeletal warriors
  3 spriggan druids
  6 unseen horrors
  A lindwurm (Lair:6)
  10 swamp dragons
  A necromancer (IceCv)
  A phantasmal warrior (D:14)
  2 wizards (D:14)
  An ugly thing (D:11)
  A harpy (shapeshifter) (D:15)
  A manticore (D:13)
  3 orc sorcerers (D:15)
  4 cyclopes
  A guardian serpent (shapeshifter) (D:15)
  A centaur zombie (D:13)
  A naga mage (D:15)
  4 black mambas
  An ice statue (IceCv)
  3 molten gargoyles (Lair:6)
  26 cane toads
  2 kobold demonologists
  Maggie (D:7)
  16 komodo dragons
  11 freezing wraiths
  2 rime drakes
  A komodo dragon (shapeshifter) (D:13)
  An efreet (D:13)
  3 yaktaurs
  4 trolls
  33 blink frogs
  A dream sheep (Lair:5)
  9 bog bodies
  10 tyrant leeches
  11 hornets
  21 slime creatures
  8 hippogriffs
  8 spriggans
  A vampire (D:11)
  A shadow (D:14)
  43 yaks
  5 wraiths
  7 wyverns
  3 basilisks
  A steam dragon (Lair:6)
  3 death yak simulacra (IceCv)
  21 humans (D:14)
  2 wargs (D:11)
  22 vampire mosquitoes
  An acid dragon (D:15)
  5 swamp worms
  4 insubstantial wisps
  Edmund (D:4)
  11 water moccasins
  4 hell hounds (Lair:6)
  2 sky beasts
  3 porcupines
  5 swamp drakes
  5 black bears
  13 orc warriors
  10 ice beasts
  3 boggarts (D:14)
  4 ogres
  27 centaurs
  8 wolves
  10 crocodiles
  19 bullfrogs
  3 big kobolds
  2 wyvern skeletons
  5 scorpions
  13 wights
  10 killer bees
  4 howler monkeys
  5 lava snakes (Lair:6)
  A bullfrog zombie (D:10)
  4 draconian simulacra (IceCv)
  4 jellies (D:12)
  8 orc priests
  3 hounds
  5 centaur skeletons
  14 orc wizards
  2 bullfrog skeletons
  11 iguanas
  Ijyb (D:3)
  3 troll simulacra (IceCv)
  14 worker ants
  Natasha (thrice) (D:4)
  3 spriggan simulacra (IceCv)
  A polar bear simulacrum (IceCv)
  A killer bee zombie (D:8)
  2 centaur simulacra (IceCv)
  A hound zombie (D:11)
  A worker ant zombie (D:7)
  9 gnolls
  9 adders
  4 naga simulacra (IceCv)
  4 ogre simulacra (IceCv)
  2 shadow imps
  26 white imps
  3 ufetubi
  19 oozes
  2 adder skeletons
  2 adder zombies (D:7)
  10 worms
  A dart slug (D:1)
  12 leopard geckos
  72 orcs
  7 bats
  7 giant cockroaches
  5 hobgoblins
  11 jackals
  16 kobolds
  6 quokkas
  A ball python (D:1)
  4 frilled lizards
  10 goblins
  A leopard gecko zombie (D:8)
  A quokka zombie (D:9)
  11 rats
  5 fungi
  4 plants
915 creatures vanquished.

Vanquished Creatures (others)
  A quokka (D:14)
  4 fungi
  4 plants (Lair:3)
9 creatures vanquished.

Grand Total: 924 creatures vanquished

Notes
Turn   | Place    | Note
-------+----------+-------------------------------------------
     0 | D:1      | Apogee the Minotaur Gladiator began the quest for the Orb.
     0 | D:1      | Reached XP level 1. HP: 18/18 MP: 0/0
   181 | D:1      | Reached XP level 2. HP: 20/25 MP: 1/1
   453 | D:1      | Reached skill level 3 in Fighting
   772 | D:2      | Reached XP level 3. HP: 22/31 MP: 2/2
  1426 | D:2      | Reached skill level 5 in Axes
  1613 | D:1      | Reached XP level 4. HP: 12/38 MP: 3/3
  2072 | D:2      | Reached skill level 4 in Fighting
  2342 | D:3      | Noticed a bullfrog
  2353 | D:2      | Killed a bullfrog
  2353 | D:2      | Reached XP level 5. HP: 37/47 MP: 4/4
  2437 | D:3      | You fall into a shaft and drop 3 floors!
  2454 | D:5      | Entered Level 5 of the Dungeon
  2479 | D:5      | Noticed an ice beast
  2489 | D:5      | Killed an ice beast
  2489 | D:5      | Reached XP level 6. HP: 55/55 MP: 5/5
  2599 | D:5      | Reached skill level 5 in Fighting
  2619 | D:4      | Noticed Natasha
  2625 | D:4      | Killed Natasha
  2832 | D:3      | Identified a +1 pair of boots of running (You found it on
                  | level 3 of the Dungeon)
  2965 | D:3      | Noticed Ijyb
  2977 | D:3      | Killed Ijyb
  3266 | D:3      | Found a faded altar of an unknown god.
  3312 | D:4      | Noticed Edmund
  3326 | D:4      | Killed Edmund
  3326 | D:4      | Reached XP level 7. HP: 32/62 MP: 6/6
  3733 | D:4      | Noticed Natasha
  3737 | D:4      | Killed Natasha
  3770 | D:4      | Reached skill level 6 in Fighting
  3865 | D:4      | Found Omeitif's Distillery.
  4098 | D:4      | Noticed Natasha
  4106 | D:4      | Killed Natasha
  4307 | D:5      | Found a stormy altar of Qazlal.
  4343 | D:4      | Bought a potion of haste for 140 gold pieces
  4343 | D:4      | Bought a potion of might for 56 gold pieces
  4343 | D:4      | Bought a potion of curing for 42 gold pieces
  4343 | D:4      | Bought a potion of flight for 42 gold pieces
  4826 | D:5      | Found a white marble altar of Elyvilon.
  4826 | D:5      | Found a blossoming altar of Fedhas.
  4831 | D:5      | Found a hazy altar of Hepliaklqana.
  4833 | D:5      | Found a shattered altar of Ashenzari.
  4835 | D:5      | Found a snail-covered altar of Cheibriados.
  4963 | D:5      | Reached XP level 8. HP: 71/71 MP: 7/7
  5143 | D:6      | Reached skill level 7 in Fighting
  5143 | D:6      | Reached skill level 10 in Axes
  5229 | D:6      | Got a distressingly furry ring mail
  5405 | D:6      | Identified the +2 ring mail of the Cricket {rPois} (You
                  | found it on level 6 of the Dungeon)
  5639 | D:6      | Found a staircase to the Ecumenical Temple.
  5654 | Temple   | Entered the Ecumenical Temple
  5746 | Temple   | Became a worshipper of Makhleb the Destroyer
  6042 | D:7      | Reached skill level 1 in Invocations
  6137 | D:7      | Noticed Maggie
  6150 | D:7      | Found a flagged portal.
  6154 | D:7      | Killed Maggie
  6154 | D:7      | Reached skill level 8 in Fighting
  6165 | Bailey   | Entered a bailey
  6376 | Bailey   | Reached * piety under Makhleb
  6473 | Bailey   | Found the +3 pair of gauntlets of War {Slay+5}
  6636 | Bailey   | Got pitted ice dragon scales
  6647 | Bailey   | Identified the cursed +0 ice dragon scales "Igroff" {rF-
                  | rC++ Int+2} (You found it in a bailey)
  7038 | D:7      | Reached XP level 9. HP: 81/81 MP: 9/9
  7057 | D:7      | Got a pitted dagger
  7488 | D:7      | Reached ** piety under Makhleb
  7596 | D:8      | Reached skill level 9 in Fighting
  9017 | D:9      | Reached XP level 10. HP: 89/93 MP: 12/12
  9111 | D:9      | Noticed a two-headed ogre
  9112 | D:9      | Noticed a two-headed ogre
  9122 | D:9      | Killed a two-headed ogre
  9122 | D:9      | Reached skill level 10 in Fighting
  9128 | D:9      | Killed a two-headed ogre
  9129 | D:9      | Noticed a cyclops
  9129 | D:9      | Noticed a cyclops
  9506 | D:9      | Killed a cyclops
  9653 | D:9      | Killed a cyclops
  9653 | D:9      | Reached skill level 11 in Fighting
  9653 | D:9      | Reached skill level 15 in Axes
  9973 | D:9      | Found a blossoming altar of Fedhas.
 10060 | D:9      | Reached *** piety under Makhleb
 10250 | D:10     | Entered Level 10 of the Dungeon
 10295 | D:10     | Reached XP level 11. HP: 100/102 MP: 13/13
 10783 | D:11     | Found a staircase to the Lair.
 11163 | D:11     | Reached **** piety under Makhleb
 11171 | D:11     | Reached skill level 1 in Armour
 11217 | D:11     | Reached skill level 12 in Fighting
 11360 | D:11     | Noticed a brown ugly thing
 11370 | D:11     | Killed a brown ugly thing
 11400 | D:11     | Noticed a two-headed ogre
 11406 | D:11     | Killed a two-headed ogre
 11420 | D:11     | Noticed Fannar
 11423 | D:11     | Found a frozen archway.
 11442 | D:11     | Killed Fannar
 11442 | D:11     | Reached skill level 5 in Armour
 11451 | IceCv    | Entered an ice cave
 11483 | IceCv    | Reached ***** piety under Makhleb
 11569 | IceCv    | Reached skill level 13 in Fighting
 11630 | IceCv    | Found an ancient bone altar of Kikubaaqudgha.
 11649 | IceCv    | Reached XP level 12. HP: 64/115 MP: 14/14
 12437 | D:12     | Reached skill level 10 in Armour
 12747 | D:12     | Noticed an eight-headed hydra
 12758 | D:12     | Killed a 15-headed hydra
 13058 | D:12     | Got a scorched golden amulet
 13059 | D:12     | Identified the amulet "Meng" {Spirit rElec rC+} (You found
                  | it on level 12 of the Dungeon)
 13080 | D:12     | Reached ****** piety under Makhleb
 13081 | D:12     | Reached skill level 14 in Fighting
 13183 | D:12     | Found Raraent's Armour Emporium.
 13183 | D:12     | Found a staircase to the Orcish Mines.
 13454 | D:12     | Found Ischat's Book Emporium.
 13513 | D:13     | Found the +4 Cigotuvi's embrace {rRot *Drain rN+}
 13581 | D:13     | Noticed a centaur warrior
 13590 | D:13     | Killed a centaur warrior
 13600 | D:13     | Noticed a tengu warrior
 13626 | D:13     | Noticed a two-headed ogre
 13627 | D:13     | Killed a tengu warrior
 13632 | D:13     | Killed a two-headed ogre
 13638 | D:13     | Reached XP level 13. HP: 19/125 MP: 15/15
 14409 | D:13     | Reached skill level 15 in Fighting
 15080 | D:14     | Noticed Nessos
 15109 | D:14     | Killed Nessos
 15148 | D:14     | Reached skill level 15 in Armour
 15517 | D:14     | Reached skill level 16 in Fighting
 15519 | D:14     | Noticed Jorgrun
 15527 | D:14     | Reached XP level 14. HP: 137/137 MP: 16/16
 15543 | D:14     | Killed Jorgrun
 15789 | D:14     | Found a gate to the Vaults.
 15830 | D:14     | Found a white marble altar of Elyvilon.
 15914 | D:14     | Found Kyozxa's Armour Boutique.
 15922 | D:14     | Bought a scarf of resistance for 448 gold pieces
 15936 | D:14     | Found the +2 Maxwell's thermic engine {flame, freeze}
 15945 | D:14     | Noticed a storm dragon
 15958 | D:14     | Killed a storm dragon
 16045 | D:14     | Reached skill level 17 in Fighting
 16455 | D:15     | Entered Level 15 of the Dungeon
 16696 | D:15     | Found an ancient bone altar of Kikubaaqudgha.
 16751 | D:15     | Reached skill level 18 in Fighting
 17464 | D:15     | Found a staircase to the Depths.
 17804 | Lair:1   | Entered Level 1 of the Lair of Beasts
 17912 | Lair:1   | Reached skill level 1 in Shields
 18472 | Lair:1   | You fall into a shaft and drop 1 floor!
 18795 | Lair:2   | Found a hole to the Spider Nest.
 19355 | Lair:3   | Found a staircase to the Swamp.
 19592 | Lair:3   | Reached skill level 19 in Fighting
 19625 | Lair:3   | Reached skill level 5 in Invocations
 19680 | Lair:3   | Reached skill level 5 in Shields
 19692 | Lair:3   | Reached XP level 15. HP: 102/152 MP: 9/17
 21127 | Lair:5   | Found a dark tunnel.
 21136 | Volcano  | Entered a volcano
 21183 | Volcano  | Found a burning altar of Makhleb.
 21789 | Lair:5   | Noticed Ezab's ghost (journeyman MiFi)
 22056 | Lair:5   | Found a transporter.
 22060 | Lair:5   | Found a transporter.
 22366 | Lair:6   | Entered Level 6 of the Lair of Beasts
 22462 | Lair:6   | Found a staircase to the Slime Pits.
 22462 | Lair:6   | Found a viscous altar of Jiyva.
 22516 | Lair:6   | Found a sparkling altar of Nemelex Xobeh.
 22679 | Lair:6   | Noticed Josephine
 22686 | Lair:6   | Killed Josephine
 22923 | Lair:6   | Reached skill level 20 in Fighting
 23003 | Lair:6   | Found a large runed translucent door.
 23003 | Lair:6   | Found a large runed translucent door.
 23663 | Swamp:1  | Entered Level 1 of the Swamp
 23832 | Swamp:1  | Found a transporter.
 24216 | Swamp:1  | Reached skill level 10 in Invocations
 24544 | Swamp:1  | Found a transporter.
 25030 | Swamp:1  | Got a scorched dagger
 25034 | Swamp:1  | Got a brightly glowing jade amulet
 25046 | Swamp:1  | Gained mutation: You are frail. (-10% HP) [mutagenic glow]
 25047 | Swamp:1  | Got a fine bone ring
 25052 | Swamp:1  | Identified the ring "Debukh" {rElec Int+6 SInv} (You found
                  | it on level 1 of the Swamp)
 25063 | Swamp:1  | Identified the amulet "Yngach" {Spirit rF+ Int+3 Slay+3}
                  | (You found it on level 1 of the Swamp)
 25107 | Swamp:2  | Gained mutation: Your magical capacity is low. (-10% MP)
                  | [mutagenic glow]
 25115 | Swamp:2  | Reached XP level 16. HP: 145/145 MP: 20/20
 25161 | Swamp:2  | Gained mutation: Your body sometimes deteriorates upon
                  | taking damage. [mutagenic glow]
 27161 | Swamp:4  | Entered Level 4 of the Swamp
 27488 | Swamp:4  | HP: 4/148 [15-headed hydra (7)]
 27488 | Swamp:4  | HP: 1/148 [15-headed hydra (2)]
 27490 | Swamp:4  | Slain by a ten-headed hydra

Illustrated notes

Levels and vault maps discovered:
D:1:      dpeg_arrival_arbitrary_b, layout_loops_ring
D:2:      layout_rooms, serial_curves, eino_curves_02, eino_curves_01,
          eino_curves_01, minmay_misc_feat_hallway
D:3:      layout_loops_ring, chequers_ecumenical_altar_twisty,
          kennysheep_decorative_pillar, uniq_ijyb
D:4:      layout_cave_pods, serial_shops, shop, nrook_mini_vaults, uniq_natasha,
          uniq_edmund
D:5:      layout_gridville, chequers_temple_overflow_minitemple, basic_altar
D:6:      wander_river, layout_basic, minmay_temple_entry_statues_fountains
D:7:      layout_basic, enter_bailey_3, uniq_maggie
D:8:      layout_layer_cave
D:9:      minmay_bloctagon, layout_cave_pools, fedhas_altar_4
D:10:     layout_basic, kennysheep_generic_room_10
D:11:     layout_basic, erik_lair_orcish_takeover, portal_ice_cave_entry_imps,
          uniq_fannar
D:12:     lemuel_slime, layout_basic, orc_david_3, serial_shops,
          kennysheep_mini_moat, minmay_misc_feat_cross, hangedman_decor_push,
          grunt_ministairs_11
D:13:     layout_grid_maze
D:14:     layout_loops_cross, grunt_vaults_entry_tiered, elyvilon_altar_4,
          serial_shops, shop_statue, minmay_diamond_spiral, uniq_jorgrun,
          uniq_nessos
D:15:     grunt_enter_depths_magical_seal, layout_irregular_city,
          lemuel_statue_altar
Temple:   minmay_crystal_spiral_temple
Lair:1:   beast_lair_carwin_large_4, layout_regular_city
Lair:2:   layout_long_grid, nicolae_spider_entry_non_spiders
Lair:3:   layout_loops_ring, swamp_mist, lemuel_fruit_tree
Lair:4:   layout_regular_city, st_stairs_5, grunt_megastairs_1
Lair:5:   layout_hall_layers, gammafunk_ghost_arena,
          nicolae_volcano_entry_lava_flow, minmay_shattered_shrine
Lair:6:   cheibrodos_lair_end_hotspot, layout_gridlike, slime_altar_1,
          basic_altar, uniq_josephine
Swamp:1:  gammafunk_its_a_trap, layout_basic_swamp, evilmike_swamp_ruin_house_4
Swamp:2:  layout_basic_swamp, evilmike_swamp_ruin_rubble_1, swamp_pool1
Swamp:3:  layout_falls_marsh, hangedman_swamp_blocks
Swamp:4:  swamp_alternative, layout_basic_swamp

Skill      XL: |  1  2  3  4  5  6  7  8  9 10 11 12 13 14 15 16 |
---------------+-------------------------------------------------+-----
Axes           | 4 5 6 7 8 9 11 13 15 16 | 16.0
Fighting       | 3 4 5 6 8 9 11 13 14 16 19 20 | 20.6
Invocations    | 2 4 5 10 12 | 12.4
Armour         | 8 12 16 | 16.9
Shields        | 5 6 |  6.0
Throwing       | |  2.0
Dodging        | |  3.2

Action                   |  1- 3 |  4- 6 |  7- 9 | 10-12 | 13-15 | 16-18 || total
-------------------------+-------+-------+-------+-------+-------+-------++-------
Melee: War axe           |    86 |   116 |   295 |   521 |  1018 |   332 ||  2368
       Headbutt          |    12 |    21 |    70 |   152 |   283 |    88 ||   626
Evoke: Wand              |       |       |     1 |       |       |       ||     1
  Use: Scroll            |       |       |     4 |     4 |    14 |     1 ||    23
       Potion            |       |       |     1 |     2 |       |     1 ||     4
Armor: Scale mail        |    51 |    51 |       |       |       |       ||   102
       Chain mail        |       |    23 |    46 |       |       |       ||    69
       Ring mail         |       |       |    48 |       |    24 |       ||    72
       Ice dragon scales |       |       |    75 |   303 |   277 |       ||   655
       Plate armour      |       |       |       |       |   390 |   258 ||   648
Dodge: Dodged            |    61 |    65 |   211 |   295 |   420 |   132 ||  1184
Block: Buckler           |       |       |       |       |   178 |   123 ||   301

Table legend: (Time is in decaauts)
 A = Elapsed time spent in this place.
 B = Non-inter-level travel time spent in this place.
 C = Inter-level travel time spent in this place.
 D = Time resting spent in this place.
 E = Time spent auto-exploring this place.
 F = Levels seen in this place.
 G = Mean time per level.
                   A        B        C        D        E       F      G
               +--------+--------+--------+--------+--------+-----+--------+
         Total |  25688 |  24617 |   1071 |   3467 |  16347 |  29 |  885.8 |
       Dungeon |  15432 |  14846 |    586 |   2839 |   9398 |  15 | 1028.8 |
        Temple |    101 |     91 |     10 |      0 |     77 |   1 |  101.0 |
          Lair |   5201 |   4755 |    446 |     45 |   3907 |   6 |  866.8 |
         Swamp |   3528 |   3501 |     27 |    185 |   2516 |   4 |  882.0 |
        Bailey |    669 |    669 |      0 |    397 |     78 |   1 |  669.0 |
      Ice Cave |    604 |    604 |      0 |      0 |    326 |   1 |  604.0 |
       Volcano |    150 |    150 |      0 |      0 |     41 |   1 |  150.0 |
               +--------+--------+--------+--------+--------+-----+--------+

Top non-repeatable levels by time:
    D:14: 1564 daAuts
     D:8: 1523 daAuts
     D:1: 1363 daAuts
    D:12: 1353 daAuts
 Swamp:2: 1266 daAuts
 Swamp:1: 1214 daAuts
  Lair:6: 1140 daAuts
    D:13: 1098 daAuts
     D:4: 1088 daAuts
     D:2: 1082 daAuts
  Lair:5: 1074 daAuts
     D:9: 929 daAuts
    D:15: 927 daAuts
  Lair:3: 879 daAuts
     D:5: 861 daAuts
